 Dungeon Sprint DCSS version 0.30-a0-879-ga8ba668304 (webtiles) character file.

Game seed: 16426014594957168054

5 shadowstone the Conjurer (level 1, 0/11 (13) HPs)
             Began as a Gargoyle Reaver on Mar 13, 2023.
             Slain by a gnoll
             ... wielding a +0 spear
              (1 damage)
             ... in the Dungeon (Sprint IX: "|||||||||||||||||||||||||||||").
             The game lasted 00:00:18 (272 turns).

shadowstone the Conjurer (Gargoyle Reaver)           Turns: 272, Time: 00:00:19

HP:   0/11 (13)     AC:  5    Str: 15    XL:     1   Next: 80%
MP:   3/3           EV: 11    Int: 13    God:
Gold: 0             SH:  0    Dex:  8    Spells: 3/4 levels left

rFire   . . .      SeeInvis .    a - +0 spear
rCold   . . .      Faith    .    (no shield)
rNeg    + . .      Spirit   .    b - +0 leather armour
rPois   ∞          Reflect  .    (no helmet)
rElec   +          Rampage  .    (no cloak)
rCorr   .          NoTele   +    (no gloves)
Will    .....                    (no boots)
Stlth   +                        (no amulet)
HPRegen 0.21/turn                (no ring)
MPRegen 0.08/turn                (no ring)

@: heavily drained
A: sickness immunity, AC +2, negative energy resistance 1, electricity
resistance, torment resistance 1, petrification resistance
a: no special abilities


You were in the Dungeon.
You visited 1 branch

Inventory:

Hand Weapons
 a - a +0 spear (weapon)
Armour
 b - a +0 leather armour (worn)
Scrolls
 h - a scroll of blinking
Potions
 c - a potion of curing
 d - a potion of heal wounds
 e - a potion of haste
 f - 2 potions of magic
 g - a potion of berserk rage


   Skills:
 + Level 2.4 Fighting
 + Level 3.2 Polearms
 + Level 1.8 Dodging
 + Level 2.1 Spellcasting
 + Level 4.1 Conjurations


You had 3 spell levels left.
You knew the following spells:

 Your Spells              Type           Power      Damage    Failure   Level
a - Kiss of Death         Conj/Necr      24%        2d7       13%         1

Your spell library contained the following spells:

 Spells                   Type           Power      Damage    Failure   Level
 Momentum Strike          Conj/Tloc      12%        3d8       21%         2
 Hailstorm                Conj/Ice       6%         3d4       36%         3


Dungeon Overview and Level Annotations

Branches:
Dungeon (1/1)

Altars:


Innate Abilities, Weirdness & Mutations

You are immune to sickness and miasma.
Your stone body is resilient. (AC +2)
You are immune to poison.
You resist negative energy. (rN+)
You are resistant to electric shocks. (rElec)
You are resistant to unholy torment.
You are immune to petrification.


Message History

You start resting.
HP restored.
You start resting.
Magic restored.
You start waiting.
Done waiting.
You start waiting.
Done waiting.
You open the door.
An orc, a gnoll, a jackal, a white imp and a dart slug come into view.
The gnoll shouts!
The jackal barks!
The white imp shouts, "Leave, thou froward fat-kidneyed apple-john!"
You hit the orc but do no damage. The orc hits you with a +0 short sword.
The gnoll hits you but does no damage.
You hit the orc but do no damage. The orc hits you but does no damage.
The gnoll barely misses you.
You hit the orc but do no damage. The orc hits you with a +0 short sword.
The gnoll barely misses you.
You barely miss the orc. The orc hits you with a +0 short sword.
The gnoll barely misses you.
You closely miss the orc. The orc hits you but does no damage.
The gnoll barely misses you.
You hit the orc but do no damage. The orc hits you but does no damage.
The gnoll hits you from afar with a +0 spear.
* * * LOW HITPOINT WARNING * * *
You hit the orc but do no damage. The orc hits you but does no damage.
The gnoll hits you but does no damage.
You hit the orc but do no damage. The orc hits you but does no damage.
The gnoll closely misses you.
You hit the orc but do no damage. The orc closely misses you.
The gnoll hits you from afar with a +0 spear.
* * * LOW HITPOINT WARNING * * *
You hit the orc.
The orc is lightly wounded.
The orc barely misses you. The gnoll closely misses you.
You hit the orc but do no damage.
The orc is lightly wounded.
The orc closely misses you.
The gnoll hits you from afar with a +0 spear.
You die...

▓.▓
▓.▓
▓.▓
▓)▓
▓.▓
▓.▓
▓.▓
▓.▓
▓@▓
▓o▓
▓g▓
▓h▓
▓5▓
▓w▓
▓.▓
▓+▓


You could see a gnoll, a white imp, a dart slug, an orc and a jackal.

Vanquished Creatures
  A bat (D)
  A hobgoblin (D)
  A quokka (D)
  A frilled lizard (D)
  A kobold (D)
5 creatures vanquished.

Notes
Turn   | Place    | Note
-------+----------+-------------------------------------------
     0 | D        | shadowstone the Gargoyle Reaver began the quest for the
                  | Orb.
     0 | D        | Reached XP level 1. HP: 12/12 MP: 3/3
    23 | D        | Reached skill level 4 in Conjurations
   272 | D        | Slain by a gnoll

Illustrated notes

Levels and vault maps discovered:
D:        linesprint [early_d, line_temple, items_1, d_10, items_2, lair_1,
          lair_end, items_3, orc_1, orc_end, items_4, d_15, swamp_1, shoals_1,
          snake_1, spider_1, d_20, vaults_1, items_5, swamp_end, shoals_end,
          snake_end, spider_end, vaults_end, d_27, items_6, zot_1, zot_end,
          crypt_end, forest_end, elf_end, slime_end, tomb_end, abyss_end,
          pan_hell_end]

Skill      XL: |  1 |
---------------+----+-----
Polearms       | 3 |  3.2
Conjurations   | 4 |  4.1
Fighting       | |  2.4
Dodging        | |  1.8
Spellcasting   | |  2.1

Action                     || total
---------------------------++-------
  Melee: Spear             ||    27
   Cast: Kiss of Death     ||     2
 Armour: Leather armour    ||    12
  Dodge: Dodged            ||    18

Table legend: (Time is in decaauts)
 A = Elapsed time spent in this place.
 B = Non-inter-level travel time spent in this place.
 C = Inter-level travel time spent in this place.
 D = Time resting spent in this place.
 E = Time spent auto-exploring this place.
 F = Levels seen in this place.
 G = Mean time per level.
                   A        B        C        D        E       F      G
               +--------+--------+--------+--------+--------+-----+--------+
         Total |    271 |    265 |      6 |    232 |      0 |   1 |  271.0 |
       Dungeon |    271 |    265 |      6 |    232 |      0 |   1 |  271.0 |
               +--------+--------+--------+--------+--------+-----+--------+

Top non-repeatable levels by time:
       D: 271 daAuts
